[ AOE2 MATCH · #507136285 ]
UnrankedTurks vs Teutons
Player's team · LOSS
Rival team · WIN
[ REPLAY ANALYSIS · EXTRACTED FROM THE RECORDED GAME ]
Feudal
11:07
Castle
23:07
Imperial
36:59
| APM avg | 70.2 |
| APM peak | 148 |
| eAPM avg | 41.7 |
| Villagers / military | 152 / 158 |
Focus
⚔️ 23.2% · 🌾 76.8%
Camel Scout ×69 · Janissary ×58 · Archer ×13 · Trebuchet (Packed) ×6 · Scout Cavalry ×5 · Bombard Cannon ×4
Feudal
8:36
Castle
24:23
Imperial
36:45
| APM avg | 53.3 |
| APM peak | 102 |
| eAPM avg | 31.7 |
| Villagers / military | 141 / 109 |
Focus
⚔️ 26.1% · 🌾 73.9%
Knight ×77 · Spearman ×22 · Mangonel ×3 · Trebuchet (Packed) ×3 · Monk ×2 · Battering Ram ×2
Match map
Initial resources + every placement click. Lines = walls · curves = elevation contours. ◆ gold · ⬟ stone · ● berries · ✦ relic · ◌ wall gap
Your base· ✓ Closed at 23:07 · 25t walls · 2 gate(s)
LvT | ZcPeter's base· ✓ Closed at 24:23 · 11t walls · 3 gate(s)
Smoothed initial terrain · ◌ = detected wall gap · hover for details
Inputs per minute
— WryPig - - LvT | ZcPeter
Build order — WryPig
First 150 of 442 actions detected
| 0:00 | Queue | Villager (Male) |
| 0:00 | Queue | Villager (Male) |
| 0:01 | Queue | Villager (Male) |
| 0:02 | Build | House |
| 0:03 | Build | House |
| 0:07 | Queue | Villager (Male) |
| 1:22 | Queue | Villager (Male) |
| 1:51 | Build | Lumber Camp |
| 1:53 | Queue | Villager (Male) |
| 2:09 | Queue | Villager (Male) |
| 2:39 | Queue | Villager (Male) |
| 2:57 | Queue | Villager (Male) |
| 2:58 | Queue | Villager (Male) |
| 3:20 | Queue | Villager (Male) |
| 3:20 | Queue | Villager (Male) |
| 3:27 | Build | House |
| 4:03 | Queue | Villager (Male) |
| 4:03 | Queue | Villager (Male) |
| 4:03 | Queue | Villager (Male) |
| 4:13 | Build | House |
| 4:22 | Queue | Villager (Male) |
| 4:22 | Queue | Villager (Male) |
| 4:22 | Queue | Villager (Male) |
| 4:39 | Build | Mill |
| 4:46 | Queue | Villager (Male) |
| 4:47 | Queue | Villager (Male) |
| 4:59 | Queue | Villager (Male) |
| 4:59 | Queue | Villager (Male) |
| 5:31 | Queue | Villager (Male) |
| 5:31 | Queue | Villager (Male) |
| 5:57 | Build | Mill |
| 6:05 | Queue | Villager (Male) |
| 6:05 | Queue | Villager (Male) |
| 6:42 | Queue | Villager (Male) |
| 7:17 | Queue | Villager (Male) |
| 7:52 | Queue | Villager (Male) |
| 8:20 | Build | Mining Camp |
| 8:23 | Build | Farm |
| 8:26 | Queue | Villager (Male) |
| 8:32 | Research | Loom |
| 8:33 | Research | Feudal Age |
| 8:52 | Build | Palisade Wall |
| 8:57 | Build | Palisade Wall |
| 9:03 | Build | Palisade Wall |
| 9:20 | Build | Barracks |
| 9:26 | Build | Palisade Wall |
| 9:53 | Queue | Villager (Male) |
| 10:00 | Build | Mining Camp |
| 10:17 | Queue | Villager (Male) |
| 10:42 | Build | House |
| 11:07 | Age | Feudal Age |
| 11:14 | Build | Watch Tower |
| 11:19 | Build | Blacksmith |
| 11:28 | Queue | Villager (Male) |
| 11:34 | Build | Watch Tower |
| 11:45 | Build | House |
| 12:05 | Build | Archery Range |
| 13:01 | Queue | Archer |
| 13:01 | Queue | Archer |
| 13:01 | Queue | Archer |
| 13:05 | Queue | Villager (Male) |
| 13:05 | Queue | Villager (Male) |
| 13:05 | Queue | Villager (Male) |
| 13:26 | Research | Fletching |
| 13:26 | Research | Fletching |
| 13:41 | Build | Watch Tower |
| 13:52 | Build | Lumber Camp |
| 13:59 | Queue | Archer |
| 13:59 | Queue | Archer |
| 14:16 | Queue | Archer |
| 14:40 | Queue | Villager (Male) |
| 14:40 | Queue | Villager (Male) |
| 14:49 | Queue | Archer |
| 14:49 | Queue | Archer |
| 15:03 | Queue | Villager (Male) |
| 15:08 | Build | House |
| 15:20 | Queue | Villager (Male) |
| 15:26 | Build | House |
| 15:27 | Build | House |
| 15:32 | Build | Farm |
| 15:34 | Build | Farm |
| 15:55 | Queue | Archer |
| 16:06 | Build | Watch Tower |
| 16:10 | Queue | Villager (Male) |
| 16:18 | Research | Double-Bit Axe |
| 16:19 | Queue | Villager (Male) |
| 16:22 | Build | Farm |
| 16:44 | Queue | Archer |
| 16:45 | Queue | Archer |
| 17:04 | Build | Farm |
| 17:06 | Queue | Villager (Male) |
| 17:22 | Queue | Villager (Male) |
| 17:25 | Build | Farm |
| 17:31 | Build | House |
| 17:32 | Build | House |
| 17:44 | Queue | Archer |
| 17:58 | Queue | Villager (Male) |
| 18:00 | Build | Farm |
| 18:09 | Build | Farm |
| 18:27 | Queue | Archer |
| 18:34 | Queue | Villager (Male) |
| 18:41 | Queue | Villager (Male) |
| 18:43 | Build | Market |
| 19:26 | Queue | Villager (Male) |
| 19:29 | Build | House |
| 19:38 | Build | Farm |
| 19:38 | Build | Farm |
| 19:42 | Build | Farm |
| 20:00 | Queue | Villager (Male) |
| 20:15 | Build | Farm |
| 20:22 | Research | Stone Mining |
| 20:27 | Research | Castle Age |
| 20:27 | Research | Castle Age |
| 20:27 | Research | Castle Age |
| 20:32 | Build | Farm |
| 20:54 | Research | Stone Mining |
| 21:15 | Build | Farm |
| 21:18 | Build | Farm |
| 21:21 | Build | House |
| 21:46 | Build | Farm |
| 22:07 | Queue | Villager (Male) |
| 22:08 | Queue | Villager (Male) |
| 23:07 | Age | Castle Age |
| 23:07 | Research | Bodkin Arrow |
| 23:07 | Research | Bodkin Arrow |
| 23:09 | Queue | Villager (Male) |
| 23:40 | Build | Town Center |
| 23:49 | Queue | Villager (Male) |
| 23:57 | Build | Monastery |
| 24:05 | Queue | Villager (Male) |
| 24:05 | Queue | Villager (Male) |
| 24:18 | Queue | Villager (Male) |
| 24:25 | Build | Lumber Camp |
| 24:31 | Queue | Villager (Male) |
| 24:31 | Queue | Villager (Male) |
| 24:32 | Queue | Villager (Male) |
| 24:32 | Queue | Villager (Male) |
| 24:51 | Queue | Monk |
| 24:53 | Queue | Villager (Male) |
| 24:53 | Queue | Villager (Male) |
| 25:02 | Build | House |
| 25:12 | Queue | Villager (Male) |
| 25:47 | Build | Farm |
| 25:47 | Queue | Villager (Male) |
| 25:48 | Queue | Villager (Male) |
| 25:48 | Build | Farm |
| 25:49 | Build | Farm |
| 25:53 | Build | Town Center |
| 25:53 | Queue | Villager (Male) |
| 25:53 | Queue | Villager (Male) |
Build order — LvT | ZcPeter
First 150 of 431 actions detected
| 0:00 | Queue | Villager (Male) |
| 0:01 | Queue | Villager (Male) |
| 0:01 | Queue | Villager (Male) |
| 0:01 | Queue | Villager (Male) |
| 0:02 | Build | House |
| 0:05 | Build | House |
| 1:29 | Queue | Villager (Male) |
| 1:29 | Queue | Villager (Male) |
| 1:59 | Queue | Villager (Male) |
| 2:10 | Build | Lumber Camp |
| 2:26 | Queue | Villager (Male) |
| 2:27 | Queue | Villager (Male) |
| 2:50 | Queue | Villager (Male) |
| 3:12 | Queue | Villager (Male) |
| 3:33 | Queue | Villager (Male) |
| 3:33 | Queue | Villager (Male) |
| 3:48 | Build | House |
| 4:09 | Queue | Villager (Male) |
| 4:23 | Build | Mining Camp |
| 4:40 | Queue | Villager (Male) |
| 5:01 | Queue | Villager (Male) |
| 5:05 | Research | Loom |
| 5:10 | Queue | Villager (Male) |
| 5:30 | Research | Loom |
| 6:01 | Queue | Villager (Male) |
| 6:26 | Research | Feudal Age |
| 6:26 | Research | Feudal Age |
| 7:21 | Build | Mill |
| 7:50 | Build | House |
| 8:11 | Queue | Villager (Male) |
| 8:36 | Age | Feudal Age |
| 8:37 | Build | Watch Tower |
| 8:40 | Research | Town Watch |
| 8:40 | Research | Town Watch |
| 8:43 | Research | Double-Bit Axe |
| 9:23 | Queue | Villager (Male) |
| 9:46 | Queue | Villager (Male) |
| 9:54 | Build | Mill |
| 10:04 | Queue | Villager (Male) |
| 10:27 | Build | Watch Tower |
| 10:40 | Build | Watch Tower |
| 10:45 | Queue | Villager (Male) |
| 10:45 | Queue | Villager (Male) |
| 11:08 | Build | House |
| 11:24 | Queue | Villager (Male) |
| 11:50 | Queue | Villager (Male) |
| 11:51 | Build | Farm |
| 12:12 | Queue | Villager (Male) |
| 12:12 | Queue | Villager (Male) |
| 12:25 | Build | Watch Tower |
| 12:32 | Build | Farm |
| 12:36 | Build | Stone Wall |
| 12:38 | Build | Stone Wall |
| 12:40 | Build | Stone Wall |
| 12:43 | Build | Stone Wall |
| 12:44 | Build | Stone Wall |
| 12:47 | Build | Stone Wall |
| 12:49 | Build | Stone Wall |
| 12:50 | Build | Stone Wall |
| 12:52 | Build | Stone Wall |
| 12:53 | Build | Stone Wall |
| 13:00 | Queue | Villager (Male) |
| 13:13 | Build | Stone Wall |
| 13:24 | Queue | Villager (Male) |
| 13:26 | Build | Farm |
| 13:28 | Research | Horse Collar |
| 13:29 | Research | Horse Collar |
| 13:37 | Build | Farm |
| 13:53 | Build | Watch Tower |
| 14:08 | Build | Blacksmith |
| 14:09 | Queue | Villager (Male) |
| 14:23 | Queue | Villager (Male) |
| 14:37 | Build | Farm |
| 14:39 | Queue | Villager (Male) |
| 14:58 | Queue | Villager (Male) |
| 15:01 | Build | Farm |
| 15:03 | Research | Fletching |
| 15:26 | Build | House |
| 15:36 | Queue | Villager (Male) |
| 15:54 | Queue | Villager (Male) |
| 16:15 | Queue | Villager (Male) |
| 16:28 | Build | Mining Camp |
| 16:34 | Build | House |
| 16:38 | Queue | Villager (Male) |
| 17:11 | Build | Lumber Camp |
| 17:15 | Queue | Villager (Male) |
| 17:49 | Research | Wheelbarrow |
| 17:49 | Research | Wheelbarrow |
| 17:59 | Research | Gold Mining |
| 18:18 | Queue | Villager (Male) |
| 18:29 | Build | Farm |
| 18:29 | Build | Farm |
| 18:30 | Build | Farm |
| 18:37 | Build | Farm |
| 18:38 | Build | Farm |
| 18:41 | Build | House |
| 18:51 | Build | House |
| 19:17 | Build | Farm |
| 19:39 | Queue | Villager (Male) |
| 19:58 | Queue | Villager (Male) |
| 20:12 | Build | Farm |
| 20:32 | Queue | Villager (Male) |
| 20:51 | Build | Market |
| 20:59 | Queue | Villager (Male) |
| 21:38 | Queue | Villager (Male) |
| 21:43 | Research | Castle Age |
| 21:48 | Build | Barracks |
| 22:05 | Research | Stone Mining |
| 22:13 | Research | Padded Archer Armor |
| 22:37 | Build | Archery Range |
| 24:23 | Queue | Villager (Male) |
| 24:23 | Age | Castle Age |
| 24:25 | Build | Town Center |
| 24:30 | Build | Monastery |
| 24:37 | Queue | Villager (Male) |
| 24:47 | Build | Siege Workshop |
| 24:48 | Queue | Villager (Male) |
| 24:50 | Queue | Villager (Male) |
| 25:05 | Research | Pikeman (upgrade) |
| 25:05 | Research | Pikeman (upgrade) |
| 25:09 | Queue | Villager (Male) |
| 25:20 | Build | Town Center |
| 25:25 | Queue | Monk |
| 25:32 | Queue | Mangonel |
| 25:33 | Queue | Villager (Male) |
| 25:33 | Queue | Villager (Male) |
| 25:42 | Queue | Villager (Male) |
| 25:42 | Queue | Villager (Male) |
| 25:49 | Research | Bow Saw |
| 26:06 | Queue | Villager (Male) |
| 26:09 | Queue | Villager (Male) |
| 26:09 | Queue | Villager (Male) |
| 26:15 | Build | House |
| 26:20 | Queue | Monk |
| 26:23 | Queue | Villager (Male) |
| 26:36 | Queue | Villager (Male) |
| 26:36 | Queue | Villager (Male) |
| 26:38 | Build | Farm |
| 26:39 | Build | Farm |
| 26:40 | Build | Farm |
| 26:40 | Build | Farm |
| 26:57 | Queue | Villager (Male) |
| 26:57 | Queue | Villager (Male) |
| 27:05 | Build | Stable |
| 27:08 | Queue | Villager (Male) |
| 27:30 | Queue | Villager (Male) |
| 27:30 | Queue | Villager (Male) |
| 27:35 | Queue | Mangonel |
| 27:39 | Build | House |
| 27:40 | Build | House |
Match timeline
| 8:36 | LvT | ZcPeter · age_up feudal |
| 8:52 | WryPig · wall_segment Palisade Wall x9 |
| 8:57 | WryPig · wall_segment Palisade Wall x7 |
| 9:03 | WryPig · wall_segment Palisade Wall x8 |
| 9:20 | WryPig · first_building Barracks |
| 9:26 | WryPig · wall_segment Palisade Wall x1 |
| 11:07 | WryPig · age_up feudal |
| 12:05 | WryPig · first_building Archery Range |
| 12:36 | LvT | ZcPeter · wall_segment Stone Wall x1 |
| 12:38 | LvT | ZcPeter · wall_segment Stone Wall x1 |
| 12:40 | LvT | ZcPeter · wall_segment Stone Wall x1 |
| 12:43 | LvT | ZcPeter · wall_segment Stone Wall x1 |
| 12:44 | LvT | ZcPeter · wall_segment Stone Wall x1 |
| 12:47 | LvT | ZcPeter · wall_segment Stone Wall x1 |
| 12:49 | LvT | ZcPeter · wall_segment Stone Wall x1 |
| 12:50 | LvT | ZcPeter · wall_segment Stone Wall x1 |
| 12:52 | LvT | ZcPeter · wall_segment Stone Wall x1 |
| 12:53 | LvT | ZcPeter · wall_segment Stone Wall x1 |
| 13:13 | LvT | ZcPeter · wall_segment Stone Wall x1 |
| 19:52 | WryPig · first_market_buy 100 food |
| 19:53 | WryPig · first_market_sell 100 stone |
| 21:48 | LvT | ZcPeter · first_building Barracks |
| 22:37 | LvT | ZcPeter · first_building Archery Range |
| 23:07 | WryPig · age_up castle |
| 23:57 | WryPig · first_building Monastery |
| 24:23 | LvT | ZcPeter · age_up castle |
| 24:30 | LvT | ZcPeter · first_building Monastery |
| 24:47 | LvT | ZcPeter · first_building Siege Workshop |
| 25:10 | LvT | ZcPeter · first_market_sell 100 food |
| 25:11 | LvT | ZcPeter · first_market_buy 100 wood |
| 26:22 | WryPig · first_building Castle |
| 27:05 | LvT | ZcPeter · first_building Stable |
| 29:57 | WryPig · first_building Stable |
| 31:23 | LvT | ZcPeter · first_building Castle |
| 36:16 | WryPig · first_building Siege Workshop |
| 36:45 | LvT | ZcPeter · age_up imperial |
| 36:59 | WryPig · age_up imperial |
| 41:51 | WryPig · resign |
[ AI ANALYSIS · 1 CREDIT ]
What really happened in this match?
Wolo.gg analyzes every decision: build order, eco, micro, common mistakes by bracket. Personalized analysis on WhatsApp or Discord in 30 seconds.
Civ guide
Turks
Perfil
Jugador #4039792